 Dungeon Crawl Stone Soup version 0.30.0-29-ga12c61a403 (webtiles) character file.

Game seed: 14018536655082353624

343 ces the Chopper (level 6, -3/53 HPs)
             Began as a Minotaur Fighter on June 25, 2023.
             Killed by divine providence
             ... invoked by an orc priest
              (10 damage)
             ... on level 3 of the Dungeon.
             The game lasted 00:03:26 (1832 turns).

ces the Chopper (Minotaur Fighter)                  Turns: 1832, Time: 00:03:27

Health: -3/53      AC:  7    Str: 22    XL:     6   Next: 31%
Magic:  5/5        EV: 10    Int:  5    God:
Gold:   175        SH:  4    Dex: 10    Spells: 5/5 levels left

rFire   . . .        a - +0 war axe
rCold   . . .        c - +0 buckler
rNeg    . . .        b - +0 scale mail
rPois   .            (helmet restricted)
rElec   .            (no cloak)
rCorr   .            (no gloves)
SInv    .            (no boots)
Will    .....        (no amulet) Stlth
                     (no ring)
HPRegen 0.28/turn    (no ring)
MPRegen 0.09/turn

%: no passive effects
@: no status effects
A: horns 2, retaliatory headbutt
a: no special abilities


You were on level 3 of the Dungeon.
You visited 1 branch of the dungeon, and saw 3 of its levels.

You collected 175 gold pieces.

Inventory:

Hand Weapons
 a - a +0 war axe (weapon)
Armour
 b - a +0 scale mail (worn)
 c - a +0 buckler (worn)
Jewellery
 m - an amulet of reflection
Wands
 t - a wand of paralysis (9)
Scrolls
 g - a scroll of vulnerability {unknown}
 h - a scroll of enchant armour {unknown}
 i - 2 scrolls of identify {unknown}
 k - a scroll of poison {unknown}
 n - a scroll of silence {unknown}
 o - 2 scrolls of enchant weapon {unknown}
 r - a scroll of amnesia {unknown}
 v - a scroll of fog {unknown}
Potions
 d - 3 potions of might
 e - 2 potions of cancellation {unknown}
 f - a potion of curing {unknown}
 j - a potion of lignification {unknown}
 l - 3 potions of degeneration {unknown}
 p - a potion of attraction {unknown}
 q - a potion of magic {unknown}
 s - 2 potions of brilliance {unknown}
 u - 2 potions of flight {unknown}


   Skills:
 + Level 4.7 Fighting
 + Level 5.8 Axes
 + Level 4.9 Armour
 + Level 1.4 Dodging
 + Level 0.9 Stealth
 + Level 4.2 Shields


You had 5 spell levels left.
You didn't know any spells.
Your spell library was empty.

Dungeon Overview and Level Annotations

Branches:
Dungeon (3/15)

Altars:

Shops:
D:1 *


Innate Abilities, Weirdness & Mutations

You have a pair of horns on your head.
You reflexively headbutt those who attack you in melee.


Message History

The orc priest hits you with a +0 club. The orc priest closely misses you.
You furiously retaliate!
You headbutt the orc priest. You block the orc's attack.
You slash the orc priest!
You kill the orc priest!
The orc priest mumbles some strange prayers to Beogh against you.
Beogh smites you! The orc hits you but does no damage.
The orc closely misses you. You block the orc's attack.
Things that are here:
a +0 club; a +0 ring mail You closely miss the orc.
You hit the orc. The orc hits you but does no damage. x2
You barely miss the orc.
The orc is moderately wounded.
You barely miss the orc.
The orc priest looks encouraged for a moment.
The orc priest miscasts a cantrip.
The orc barely misses you. The orc closely misses you.
You barely miss the orc.
The orc is moderately wounded.
You closely miss the orc.
The orc priest casts a cantrip, but nothing happens.
The orc hits you with a +0 trident. You block the orc's attack.
The orc hits you but does no damage.
The orc hits you with a +1 vampiric dagger.
The orc draws strength from your wounds!
The orc priest invokes the aid of Beogh against you.
Beogh smites you!
The orc priest calls down the wrath of Beogh upon you.
Beogh smites you!
* * * LOW HITPOINT WARNING * * *
You are too injured to fight recklessly!
Okay, then.
The orc attacks as you move away! The orc hits you but does no damage.
The orc priest miscasts a cantrip.
The orc barely misses you. The orc attacks as you move away!
The orc hits you but does no damage. The orc attacks as you move away!
The orc barely misses you.
The orc priest calls down the wrath of Beogh upon you.
Beogh smites you!
You die...

#.# #.###.##...#
#...... #.#
#.#<.......#
#...... #.#
#.#..(#..#.#
#...... #.#
#.#...#..#.#
####.## #.#
#.#......#.#
#.## #.#
#.#...#..# ...#
#.## #.#
#.#.>.)..# ...#
#.## #.#
#.#.#....# #...#
#.## #.#
#.#.#.@..#.#...#
#.## #.# #.#
#.o..#.#...#
#..# #.# #.#
#.#..o.o...#
#..) #.# #.#
#.##o###...####
#.# #.#
#.#....).......
#.# #.#
#.#..#####...##
#.# #)# #.#..#
... #.# #.#
#.#..# # #.# #.#
#.#..#


You could see 2 orc priests and 2 orcs.

Vanquished Creatures
  An ice beast (D:3)
  An ogre (D:3)
  An orc priest (D:3)
  Ijyb (D:3)
  Robin (D:3)
  2 adders (D:2)
  A gnoll (D:2)
  A worm (D:3)
  3 dart slugs
  6 ball pythons
  2 endoplasms
  4 giant cockroaches
  10 goblins
  9 hobgoblins
  3 jackals (D:3)
  3 quokkas
  5 bats
  6 frilled lizards
  4 kobolds
  8 rats
72 creatures vanquished.

Vanquished Creatures (others)
  A goblin (D:3)
1 creature vanquished.

Grand Total: 73 creatures vanquished

Notes
Turn   | Place    | Note
-------+----------+-------------------------------------------
     0 | D:1      | ces the Minotaur Fighter began the quest for the Orb.
     0 | D:1      | Reached XP level 1. HP: 19/19 MP: 0/0
   345 | D:1      | Reached XP level 2. HP: 27/27 MP: 1/1
   388 | D:1      | Found Qarral's General Store.
   777 | D:2      | Reached XP level 3. HP: 34/34 MP: 2/2
   823 | D:2      | Reached skill level 3 in Axes
   995 | D:2      | Reached XP level 4. HP: 41/41 MP: 3/3
  1156 | D:3      | Noticed an ice beast
  1170 | D:3      | Killed an ice beast
  1171 | D:3      | Reached skill level 4 in Axes
  1171 | D:3      | Reached skill level 1 in Dodging
  1171 | D:3      | Reached XP level 5. HP: 22/47 MP: 4/4
  1173 | D:3      | Noticed an ogre
  1466 | D:3      | Killed an ogre
  1467 | D:3      | Reached skill level 5 in Axes
  1501 | D:3      | Noticed Robin
  1502 | D:3      | Noticed Ijyb
  1507 | D:3      | Killed Ijyb
  1507 | D:3      | Killed Robin
  1508 | D:3      | Reached XP level 6. HP: 49/53 MP: 5/5
  1832 | D:3      | Killed from afar by an orc priest

Illustrated notes

Levels and vault maps discovered:
D:1:      spicycebolla_arrival_risky_transporter, layout_loops_corners,
          serial_shops, shop
D:2:      layout_basic, serial_glass, glass_columns_a, glass_columns_a,
          glass_columns_a, item_on_display_a, minmay_tromino_mix6
D:3:      layout_basic, lemuel_doored_altar, nicolae_goblin_pals

Skill      XL: |  1  2  3  4  5 |
---------------+----------------+-----
Fighting       | 4 |  4.7
Axes           | 3 4 5 |  5.8
Armour         | 4 |  4.9
Dodging        | 1 |  1.4
Shields        | 4 |  4.2
Stealth        | |  0.9

Action                     |  1- 3 |  4- 6 || total
---------------------------+-------+-------++-------
  Melee: War axe           |    84 |    56 ||   140
         Headbutt          |    10 |    10 ||    20
 Armour: Scale mail        |    45 |    24 ||    69
  Dodge: Dodged            |    46 |    28 ||    74
  Block: Buckler           |    18 |    16 ||    34
